 Dungeon Crawl Stone Soup version 0.17-a0-776-gd86b262 (webtiles) character file.

46 inmateoo the Grave Robber (level 3, 0/17 HPs)
             Began as a Vine Stalker Necromancer on Apr 24, 2015.
             Slain by a jackal (1 damage)
             ... on level 2 of the Dungeon.
             The game lasted 00:01:56 (1314 turns).

inmateoo the Grave Robber (VSNe)                    Turns: 1314, Time: 00:01:56

Health: 0/17       AC:  3    Str: 10    XL:     3   Next: 66%
Magic:  0/7        EV: 12    Int: 16    God:
Gold:   45         SH:  0    Dex: 14    Spells: 2 memorised, 2 levels left

rFire  . . .     SeeInvis .     (no weapon)
rCold  . . .     Clarity  .     a - +0 robe
rNeg   . . .     SustAb   .     (no shield)
rPois  .         Gourm    .     (no helmet)
rElec  .         Spirit   +     (no cloak)
rCorr  .         Warding  .     (no gloves)
rMut   .         Stasis   .     (no boots)
MR     .....                    (no amulet)
Stlth  ++........               (no ring)
                                (no ring)

@: not resistant to hostile enchantments, unstealthy
A: fangs 2, regeneration 1, shaggy fur 1, magic shield, antimagic bite, no
device heal 3, rot immunity
a: no special abilities


You were on level 2 of the Dungeon.
You were not hungry.

You visited 1 branch of the dungeon, and saw 3 of its levels.

You collected 45 gold pieces.

Inventory:

Armour
 a - a +0 robe (worn)
Scrolls
 d - a scroll of remove curse {unknown}
 i - a scroll of random uselessness {unknown}
 l - a scroll of fear {unknown}
 m - a scroll of identify {unknown}
Potions
 e - 2 potions of curing {unknown}
 g - a potion of magic {unknown}
 h - a potion of lignification {unknown}
 j - a potion of heal wounds {unknown}
 k - a potion of mutation {unknown}
Books
 b - a book of Necromancy

   Spells                             Type                      Level
   a - Pain                           Necromancy                   1
   b - Animate Skeleton               Necromancy                   1
   c - Vampiric Draining              Necromancy                   3
   d - Regeneration                   Charms/Necromancy            3
   e - Animate Dead                   Necromancy                   4
   f - Control Undead                 Necromancy                   4
Comestibles
 c - 3 bread rations
 f - a beef jerky


   Skills:
 + Level 0.3 Fighting
 + Level 2.1 Dodging
 + Level 3.1 Stealth
 + Level 2.4 Spellcasting
 * Level 4.4 Necromancy


You had 2 spell levels left.
You knew the following spells:

 Your Spells              Type           Power        Failure   Level  Hunger
a - Pain                  Necr           ###.         3%          1    #......
b - Regeneration          Chrm/Necr      #.........   28%         3    ###....


Dungeon Overview and Level Annotations

Branches:
Dungeon (3/15)

Altars:
Fedhas
Zin


Innate Abilities, Weirdness & Mutations

You have extremely sharp teeth.
Your natural rate of healing is unusually fast.
You are covered in fur (AC +1).
When hurt, damage is shared between your health and your magic reserves.
Your bite disrupts and absorbs the magic of your enemies.
Potions and wands cannot restore your health.
You are immune to rotting.


Message History

* * * LOW HITPOINT WARNING * * *
You barely miss the jackal.
The jackal is almost dead.
The jackal bites you.
* * * LOW HITPOINT WARNING * * *
The jackal bites you.
You closely miss the jackal.
The jackal is almost dead.
The jackal bites you but does no damage.
The jackal barely misses you. The jackal misses you.
You closely miss the jackal.
The jackal is almost dead.
The jackal barely misses you. The jackal bites you.
* * * LOW HITPOINT WARNING * * *
The jackal bites you but does no damage.
You hit the jackal but do no damage.
The jackal is almost dead.
The jackal bites you but does no damage.
The jackal bites you.
You die...

############### #..........>..#
########## #.###########.#
.........# #.# #.# #
.#######'#####.###########.######
.# #8...8##(.h@hh..............
.#####.....##..#####>#####.######
....##...####......h.##..........
#.#.##_..#A##.....#..##.##.######
.#############.##†#..##.##.# #
#.#.####### #.##.#..##.##.# #
##)##.....# #.##.#..##.##.#
...##..#######.##.#..##.##.#
##.##.................<....#


You could see 3 jackals.

Vanquished Creatures
  2 adders (D:2)
  A giant gecko (D:2)
  4 bats
  3 giant cockroaches
  3 goblins (D:1)
  2 hobgoblins
  A quokka (D:2)
  A ball python (D:1)
  3 giant newts
  4 kobolds
  4 rats
28 creatures vanquished.

Notes
Turn   | Place    | Note
--------------------------------------------------------------
     0 | D:1      | inmateoo, the Vine Stalker Necromancer, began the quest for the Orb.
     0 | D:1      | Reached XP level 1. HP: 9/9 MP: 4/4
   158 | D:1      | Reached XP level 2. HP: 10/13 MP: 6/6
   745 | D:2      | Found a blossoming altar of Fedhas.
  1085 | D:2      | Reached XP level 3. HP: 11/16 MP: 5/7
  1097 | D:2      | Learned a level 3 spell: Regeneration
  1220 | D:2      | Noticed an angel
  1221 | D:2      | Found a glowing silver altar of Zin.
  1314 | D:2      | Slain by a jackal

Action                   || total
-------------------------++-------
Melee: Unarmed           ||   108
 Cast: Pain              ||    41
 Stab: Sleeping          ||     5
  Eat: Chunk             ||     2
